 Dungeon Crawl Stone Soup version 0.24.0-123-gd5b16e6ec5 (webtiles) character file.

Game seed: 16454158106379551349, levelgen mode: deterministic

266 FishyPogo the Shield-Bearer (level 6, 0/53 HPs)
             Began as a Gnoll Fighter on Jan 24, 2020.
             Was an Initiate of Okawaru.
             Slain by Terence
             ... wielding a +0 mace
              (4 damage)
             ... on level 3 of the Dungeon.
             The game lasted 00:05:15 (2603 turns).

FishyPogo the Shield-Bearer (Gnoll Fighter)         Turns: 2603, Time: 00:05:15

Health: 0/53       AC:  7    Str: 19 (20) XL:     6   Next: 20%
Magic:  8/8        EV:  8    Int:  8 (9)  God:    Okawaru [......]
Gold:   260        SH: 10    Dex: 11 (14) Spells: 8/8 levels left

rFire    . . .     SeeInvis .   a - +0 war axe
rCold    . . .     Gourm    .   c - +0 shield
rNeg     . . .     Faith    .   b - +0 scale mail
rPois    .         Spirit   .   (no helmet)
rElec    .         Reflect  .   (no cloak)
rCorr    .         Harm     .   (no gloves)
MR       .....     Clarity  +   (no boots)
Stlth    ..........             (no amulet)
HPRegen  0.17/turn              (no ring)
MPRegen  0.11/turn              (no ring)

@: no status effects
A: distributed training, fangs 1, clarity, dopey 1, wild magic 1, strong nose
a: Renounce Religion


You were on level 3 of the Dungeon.
You worshipped Okawaru.
Okawaru was noncommittal.
You were not hungry.

You visited 1 branch of the dungeon, and saw 4 of its levels.

You collected 260 gold pieces.

Inventory:

Hand Weapons
 a - a +0 war axe (weapon)
Missiles
 h - 114 stones (quivered)
 t - 4 boomerangs
Armour
 b - a +0 scale mail (worn)
 c - a +0 shield (worn)
Wands
 j - a wand of acid (5)
Scrolls
 e - a scroll of teleportation {unknown}
 i - a scroll of amnesia {unknown}
 k - 3 scrolls of noise {unknown}
 l - a scroll of random uselessness {unknown}
 m - 4 scrolls of remove curse {unknown}
 o - 2 scrolls of blinking {unknown}
 r - a scroll of identify {unknown}
 u - a scroll of fear {unknown}
Potions
 d - a potion of might
 p - a potion of mutation
 q - a potion of lignification {unknown}
 s - a potion of agility {unknown}
 v - a potion of berserk rage {unknown}
 w - a potion of cancellation {unknown}
 x - a potion of brilliance {unknown}
 z - a potion of curing {unknown}
Comestibles
 f - 5 rations
 g - 7 chunks of flesh


   Skills:
 + Level 6.8 Fighting
 + Level 1.8 Short Blades
 + Level 1.8 Long Blades
 + Level 4.9 Axes
 + Level 1.8 Maces & Flails
 + Level 1.8 Polearms
 + Level 1.8 Staves
 + Level 1.8 Slings
 + Level 1.8 Bows
 + Level 1.8 Crossbows
 + Level 1.8 Throwing
 + Level 6.8 Armour
 + Level 1.8 Dodging
 + Level 1.8 Stealth
 + Level 6.8 Shields
 + Level 1.8 Unarmed Combat
 + Level 1.8 Spellcasting
 + Level 1.4 Conjurations
 + Level 1.4 Hexes
 + Level 1.4 Charms
 + Level 1.4 Summonings
 + Level 1.4 Necromancy
 + Level 1.4 Translocations
 + Level 1.4 Transmutations
 + Level 1.4 Fire Magic
 + Level 1.4 Ice Magic
 + Level 1.4 Air Magic
 + Level 1.4 Earth Magic
 + Level 1.4 Poison Magic
 + Level 2.0 Invocations
 + Level 1.8 Evocations


You had 8 spell levels left.
You didn't know any spells.
Your spell library was empty.

Dungeon Overview and Level Annotations

Branches:
Dungeon (4/15)
 Temple: D:4-7

Altars:
Ashenzari
Okawaru
Vehumet
Xom

Annotations:
D:3 Grinder, Terence


Innate Abilities, Weirdness & Mutations

Your experience applies equally to all skills.
You have very sharp teeth.
Your uncanny sense of smell can sniff out nearby items.
You possess an exceptional clarity of mind.
You are dopey. (Int -2)
Your spells are a little harder to cast, but a little more powerful.


Message History

Something completely misses you. Grinder gestures at you.
You resist with significant effort.
Unknown command.
You hit something. Something hits you.
* * * LOW HITPOINT WARNING * * *
Grinder gestures at you. Pain shoots through your body!
* * * LOW HITPOINT WARNING * * *
Something hits you but does no damage.
Unknown command.
It was a potion of degeneration.
There was something very wrong with that liquid.
You feel weakened.
You feel dopey.
You feel clumsy.
Grinder blinks!
It was a potion of mutation.
You feel extremely strange.
You feel stupid.
You feel less in control of your magic.
Your thoughts seem clearer.
Something hits you.
You die...

..#.......#
######## #.#..
..'.......##. ..
#.#.#
..#.......#.....
#.#.# ..##.....##
.... #.#.#
...##...#####.#.###
..#
.########.........#
∆ ## .# ###.###
#....#.#
.###.>...###..5.#.#
..##.....#.....†@.#
..................#
..##..............#
.###.....###...##.#
.# ###...###...##.#
.#####............#
.......<..##..#####
.########.##..#
#.##..#


You could see Grinder.

Vanquished Creatures
  An orc wizard (D:4)
  2 orc priests (D:4)
  8 adders
  4 oozes
  4 worms
  2 dart slugs (D:2)
  3 leopard geckos
  7 bats
  9 giant cockroaches
  5 goblins
  8 hobgoblins
  7 jackals
  4 ball pythons
  3 frilled lizards
  A jackal skeleton (D:4)
  2 kobolds
  8 rats
78 creatures vanquished.

Notes
Turn   | Place    | Note
-------+----------+-------------------------------------------
     0 | D:1      | FishyPogo the Gnoll Fighter began the quest for the Orb.
     0 | D:1      | Reached XP level 1. HP: 23/23 MP: 1/1
     1 | D:1      | Found a runed translucent door.
    27 | D:2      | Reached XP level 2. HP: 27/29 MP: 2/2
    41 | D:2      | Found a shattered altar of Ashenzari.
    86 | D:3      | Found a shattered altar of Ashenzari.
   135 | D:3      | Reached XP level 3. HP: 35/35 MP: 3/3
   316 | D:4      | Reached skill level 1 in Short Blades
   316 | D:4      | Reached skill level 1 in Long Blades
   316 | D:4      | Reached skill level 1 in Maces & Flails
   316 | D:4      | Reached skill level 1 in Polearms
   316 | D:4      | Reached skill level 1 in Staves
   316 | D:4      | Reached skill level 1 in Slings
   316 | D:4      | Reached skill level 1 in Bows
   316 | D:4      | Reached skill level 1 in Crossbows
   316 | D:4      | Reached skill level 1 in Throwing
   316 | D:4      | Reached skill level 1 in Dodging
   316 | D:4      | Reached skill level 1 in Stealth
   316 | D:4      | Reached skill level 1 in Unarmed Combat
   316 | D:4      | Reached skill level 1 in Spellcasting
   316 | D:4      | Reached skill level 1 in Invocations
   316 | D:4      | Reached skill level 1 in Evocations
   316 | D:4      | Reached XP level 4. HP: 12/41 MP: 5/5
   336 | D:4      | Reached skill level 1 in Conjurations
   336 | D:4      | Reached skill level 1 in Hexes
   336 | D:4      | Reached skill level 1 in Charms
   336 | D:4      | Reached skill level 1 in Summonings
   336 | D:4      | Reached skill level 1 in Necromancy
   336 | D:4      | Reached skill level 1 in Translocations
   336 | D:4      | Reached skill level 1 in Transmutations
   336 | D:4      | Reached skill level 1 in Fire Magic
   336 | D:4      | Reached skill level 1 in Ice Magic
   336 | D:4      | Reached skill level 1 in Air Magic
   336 | D:4      | Reached skill level 1 in Earth Magic
   336 | D:4      | Reached skill level 1 in Poison Magic
   336 | D:4      | Reached XP level 5. HP: 5/47 MP: 6/6
   624 | D:4      | Found an iron altar of Okawaru.
   629 | D:4      | Became a worshipper of Warmaster Okawaru
  2075 | D:2      | Found a radiant altar of Vehumet.
  2290 | D:3      | Found a shimmering altar of Xom.
  2325 | D:3      | Reached XP level 6. HP: 53/53 MP: 8/8
  2588 | D:3      | Noticed Grinder
  2590 | D:3      | Noticed Terence
  2593 | D:3      | Paralysed by Grinder for 5 turns
  2603 | D:3      | Gained mutation: You are dopey. (Int -2) [potion of
                  | mutation]
  2603 | D:3      | Gained mutation: Your spells are a little harder to cast,
                  | but a little more powerful. [potion of mutation]
  2603 | D:3      | Gained mutation: You possess an exceptional clarity of
                  | mind. [potion of mutation]
  2603 | D:3      | Slain by Terence

Levels and vault maps discovered:
D:1:      dpeg_arrival_caged_fury, layout_basic, solitary_fountain,
          corexii_leaking_fountain
D:2:      layout_loops_cross, lemuel_round_altar,
          corexii_item_surrounded_by_moat, ashenzari_altar_1
D:3:      kennysheep_six_static_rooms, layout_loops_ring, lemuel_round_altar,
          overflow_temple_1_default, xom_teletrap_fun, uniq_terence,
          uniq_grinder, uniq_jessica
D:4:      layout_loops_corners, tgw_sif, kennysheep_little_box,
          lemuel_round_altar

Skill      XL: |  1  2  3  4  5  6 |
---------------+-------------------+-----
Short Blades   | 1 |  1.8
Long Blades    | 1 |  1.8
Maces & Flails | 1 |  1.8
Polearms       | 1 |  1.8
Staves         | 1 |  1.8
Slings         | 1 |  1.8
Bows           | 1 |  1.8
Crossbows      | 1 |  1.8
Throwing       | 1 |  1.8
Dodging        | 1 |  1.8
Stealth        | 1 |  1.8
Unarmed Combat | 1 |  1.8
Spellcasting   | 1 |  1.8
Invocations    | 1 2 |  2.0
Evocations     | 1 |  1.8
Conjurations   | 1 |  1.4
Hexes          | 1 |  1.4
Charms         | 1 |  1.4
Summonings     | 1 |  1.4
Necromancy     | 1 |  1.4
Translocations | 1 |  1.4
Transmutations | 1 |  1.4
Fire Magic     | 1 |  1.4
Ice Magic      | 1 |  1.4
Air Magic      | 1 |  1.4
Earth Magic    | 1 |  1.4
Poison Magic   | 1 |  1.4
Fighting       | |  6.8
Axes           | |  4.9
Armour         | |  6.8
Shields        | |  6.8

Action                   |  1- 3 |  4- 6 || total
-------------------------+-------+-------++-------
Melee: War axe           |    34 |   168 ||   202
       Bite              |     3 |    15 ||    18
Evoke: Wand              |       |     1 ||     1
  Use: Potion            |       |     3 ||     3
  Eat: Chunk             |       |     6 ||     6
Armor: Scale mail        |    14 |    66 ||    80
Dodge: Dodged            |    12 |    62 ||    74
Block: Shield            |    17 |    89 ||   106
